Map: Honorgrounds LE

Players

PengWin - Winner!

  • Race: Zerg Zerg
  • Spawn Location: 5:00

TheoRy

  • Race: Protoss Protoss
  • Spawn Location: 7:00

Event: WCS Austin 2017

VOD

Have the link to the VOD?

Description

Time

  • Played on: April 28, 2017, 3:14 p.m.
  • Length: 5:06

All games in this series

Show
View Real Time Build Order
Export as new Build Order

PengWin Zerg - Winner!

Build Orders: Hatch First, Zergling Baneling 

Get SALT Encoding   

  12  0:01  Drone  
  13  0:13  Overlord  
  13  0:18  Drone  
  14  0:31  Drone x2  
  16  0:43  Drone  
  17  0:52  Hatchery  
  17  0:55  Drone  
  17  0:58  Extractor  
  16  1:12  Spawning Pool  
  16  1:15  Drone  
  16  1:18  Drone  
  16  1:22  Drone  
  18  1:30  Drone  
  19  1:40  Overlord  
  19  1:50  Drone  
  20  1:58  Queen, Metabolic Boost  
  20  2:00  Zergling x2  
  23  2:08  Queen  
  26  2:15  Drone  
  26  2:16  Drone  
  27  2:23  Drone  
  27  2:24  Drone  
  29  2:39  Baneling Nest  
  29  2:40  Zergling x6  
  29  2:44  Zergling x2  
  32  2:49  Zergling x2  
  33  2:54  Overlord  
  33  3:04  Zergling x2  
  34  3:17  Zergling x10  
  34  3:18  Zergling x6  
  42  3:24  Overlord  
  42  3:30  Baneling x6  
  42  3:39  Zergling x4  
  44  3:44  Zergling x2  
  44  3:45  Zergling x2  
  46  3:48  Zergling x2  
  46  3:49  Zergling x4  
  46  3:51  Baneling x2  
  47  4:01  Zergling x10  
  44  4:25  Zergling x2  
  44  4:26  Zergling x6  
  46  4:35  Baneling x2  
  46  4:37  Hatchery  
  45  4:38  Drone  
  45  4:39  Drone  
  45  4:42  Spore Crawler x2  
  45  4:46  Drone x2  
Show
View Real Time Build Order
Export as new Build Order

TheoRy Protoss 

Build Orders: 1 Gate Expand, Dark Templar Rush 

Get SALT Encoding   

  12  0:00  Probe (Chrono Boost)  
  13  0:11  Probe (Chrono Boost)  
  14  0:20  Pylon  
  14  0:22  Probe (Chrono Boost)  
  15  0:39  Probe (Chrono Boost)  
  15  0:41  Gateway  
  16  0:49  Probe (Chrono Boost)  
  17  0:53  Assimilator  
  17  1:00  Probe (Chrono Boost)  
  18  1:10  Probe (Chrono Boost)  
  19  1:21  Probe (Chrono Boost)  
  20  1:27  Nexus  
  20  1:34  Probe (Chrono Boost)  
  21  1:42  Cybernetics Core  
  21  1:45  Probe (Chrono Boost)  
  22  1:48  Assimilator  
  22  1:56  Pylon  
  22  1:58  Probe (Chrono Boost)  
  23  2:12  Pylon  
  23  2:14  Adept  
  23  2:15  Probe (Chrono Boost)  
  26  2:24  Warp Gate  
  26  2:27  Probe (Chrono Boost)  
  26  2:41  Mothership Core (Chrono Boost), Adept  
  26  2:42  Probe (Chrono Boost)  
  31  2:52  Twilight Council  
  31  2:54  Probe (Chrono Boost)  
  32  3:00  Probe (Chrono Boost)  
  32  3:05  Probe (Chrono Boost)  
  34  3:08  Adept  
  34  3:10  Probe (Chrono Boost)  
  37  3:17  Probe (Chrono Boost)  
  38  3:25  Probe (Chrono Boost)  
  39  3:27  Pylon  
  39  3:30  Probe (Chrono Boost)  
  40  3:37  Gateway  
  40  3:43  Dark Shrine  
  40  3:44  Robotics Facility  
  40  3:53  Adept  
  40  4:03  Pylon x2  
  40  4:05  Probe (Chrono Boost)  
  40  4:09  Gateway  
  33  4:26  Warp Prism  
  33  4:27  Pylon  
  34  4:37  Adept x2  
  39  4:44  Pylon  
  39  4:58  Dark Templar  
Tags
 
Add a new tag
Caveats
  • Supply blocks, unpowered buildings, or Contaminate may cause inaccurate times.
  • Supply counts are checked every 10 seconds.